 Dungeon Sprint DCSS version 0.30.1-9-gdf580d7c3d (webtiles) character file.

Game seed: 12526934006230125222

22804 Heoruswealwe the Phalangite (level 12, -1/133 HPs)
             Began as a Minotaur Fighter on Sept 29, 2023.
             Was an Initiate of Gozag.
             Killed from afar by an ice dragon (27 damage)
             ... with a blast of cold
             ... in the Dungeon (Sprint IX: "|||||||||||||||||||||||||||||").
             The game lasted 00:25:55 (2780 turns).

Heoruswealwe the Phalangite (Minotaur Fighter)      Turns: 2780, Time: 00:25:55

Health: -1/133     AC: 33    Str: 29    XL:     12   Next: 66%
Magic:  11/11      EV:  9    Int:  5    God:    Gozag
Gold:   590        SH:  0    Dex: 10    Spells: 11/11 levels left

rFire   . . .        b - +1 bardiche (protect)
rCold   . . .        (shield currently unavailable)
rNeg    . . .        c - +0 shadow dragon scales
rPois   +            (helmet restricted)
rElec   .            h - +2 cloak {Will+}
rCorr   .            f - +0 pair of gloves
SInv    .            (no boots)
Will    +....        (no amulet)
Stlth   ++           k - +3 ring of strength
HPRegen 0.42/turn    j - ring of poison resistance
MPRegen 0.12/turn

%: no teleportation
@: gold aura, under a protective aura
A: horns 2, retaliatory headbutt
a: Renounce Religion, Potion Petition, Call Merchant, Bribe Branch


You were in the Dungeon.
You worshipped Gozag.
Gozag was pleased with you.
You visited 1 branch You collected 7586 gold pieces.
You spent 3404 gold pieces at shops.
You paid 3592 gold pieces to Gozag.

Inventory:

Hand Weapons
 a - a +0 trident of freezing
 b - a +1 bardiche of protection (weapon)
 q - a +0 glaive
Armour
 c - +0 shadow dragon scales (worn)
 d - a +1 tower shield
 f - a +0 pair of gloves (worn)
 h - a +2 cloak of willpower (worn)
Jewellery
 j - a ring of poison resistance (right hand)
 k - a +3 ring of strength (left hand)
Wands
 m - a wand of acid (10)
Scrolls
 i - 6 scrolls of identify
 o - 8 scrolls of enchant armour
 p - 2 scrolls of enchant weapon
 u - 2 scrolls of blinking
Potions
 g - a potion of haste
 l - a potion of might
 s - a potion of berserk rage
 v - 2 potions of mutation
Miscellaneous
 n - a lightning rod (4/4)
 r - a piece from Xom's chessboard (15/15)
 t - a phial of floods


   Skills:
 + Level 20.0 Fighting
 * Level 26.8 Polearms
 + Level 20.0 Armour
 - Level 3.6 Shields


You had 11 spell levels left.
You didn't know any spells.
Your spell library was empty.

Dungeon Overview and Level Annotations

Branches:
Dungeon (1/1)

Altars:
Cheibriados
Dithmenos
Elyvilon
Fedhas
Gozag
Hepliaklqana
Kikubaaqudgha
Makhleb
Nemelex Xobeh
Okawaru
Qazlal
Ru
Sif Muna
Trog
Uskayaw
Vehumet
Wu Jian
Xom
Yredelemnul
Zin
The Shining One
Jiyva
Lugonu

Shops:
D *=(**?=(


Innate Abilities, Weirdness & Mutations

You have a pair of horns on your head.
You reflexively headbutt those who attack you in melee.


Message History

You hit the spriggan berserker but do no damage.
The spriggan berserker hits you but does no damage.
You feel much better.
The spriggan berserker hits you with a +0 broad axe!
* * * LOW HITPOINT WARNING * * *
You hit the spriggan berserker.
The spriggan berserker is lightly wounded.
The spriggan berserker barely misses you.
You slash the spriggan berserker!
The spriggan berserker is lightly wounded.
The spriggan berserker hits you with a +0 broad axe!!
* * * LOW HITPOINT WARNING * * *
You slash the spriggan berserker!
The spriggan berserker is moderately wounded.
The spriggan berserker barely misses you.
You furiously retaliate!
You headbutt the spriggan berserker. You slice the spriggan berserker!!
The spriggan berserker is severely wounded.
The spriggan berserker hits you with a +0 broad axe.
* * * LOW HITPOINT WARNING * * *
You feel much better.
The spriggan berserker hits you but does no damage.
The spriggan berserker hits you with a +0 broad axe!
* * * LOW HITPOINT WARNING * * *
You miss the spriggan berserker.
Your headbutt misses the spriggan berserker.
The spriggan berserker is severely wounded.
The spriggan berserker hits you but does no damage.
You carve the spriggan berserker like a ham!!!
You kill the spriggan berserker!
The deep troll earth mage is distracted by your dazzling golden aura.
The ice dragon breathes frost at you. The blast of cold misses you.
The deep troll earth mage shouts!
Your Fighting skill increases to level 20!
Your Armour skill increases to level 20!
The ice dragon breathes frost at you. The blast of cold hits you!!
You die...
Your body crumbles into a pile of gold.

▓....'..[[[[..'?...........'....
▓.▓▓▓▓▓▓▓▓▓▓▓▓▓▓▓▓▓▓▓▓▓▓▓▓▓▓▓▓▓▓
▓.............).)...............
▓▓▓▓▓▓▓▓▓▓▓▓▓▓▓▓▓▓▓▓▓▓▓▓▓▓▓▓▓▓▓▓
▓.....∩.∩.'.∩.∩.∩.∩.∩.∩..=[['[[.
▓.▓▓▓▓▓▓▓▓▓▓▓▓▓▓▓▓▓▓▓▓▓▓▓▓▓▓▓▓▓▓
▓...............................
▓▓▓▓▓▓▓▓▓▓▓▓▓▓▓▓▓▓▓▓▓▓▓▓▓▓▓▓▓▓▓▓
*,,,,,,,,,+..TD@$$$$.$$.$$'.....
*,********▓▓▓▓▓▓▓▓▓▓▓▓▓▓▓▓▓▓▓▓▓▓
*,,,,,,,,,,,,,,,,,,,,,,,,,,,,,,,
********************************
*,,,,,,,,,,,,+,,,,,,,,,+,,,,,,,,
*,******************************
*,,,,,,,,,,,,,,,,,,,,,,,,,,,,,,,
********************************
*,,,,,,,,,+,,,,,,,,,,,,,,,,,,,,,


You could see an ice dragon (catching breath) and a deep troll earth mage.

Vanquished Creatures
  A rakshasa (D)
  2 hydras (D)
  Erolcha (D)
  An ice dragon (D)
  A two-headed ogre (D)
  A deep troll shaman (D)
  A tengu warrior (D)
  A spriggan berserker (D)
  3 orc high priests (D)
  2 skeletal warriors (D)
  12 orc knights (D)
  A wizard (D)
  An orc sorcerer (D)
  An ugly thing (D)
  2 cyclopes (D)
  2 black mambas (D)
  7 cane toads (D)
  Joseph (D)
  A rime drake (D)
  A komodo dragon (D)
  Psyche (D)
  An efreet (D)
  2 tyrant leeches (D)
  2 blink frogs (D)
  A yak (D)
  A yak (shapeshifter) (D)
  2 basilisks (D)
  A steam dragon (D)
  3 vampire mosquitoes (D)
  An acid dragon (D)
  6 water moccasins (D)
  7 orc warriors (D)
  A bullfrog (D)
  A gnoll sergeant (D)
  A scorpion (D)
  A killer bee (D)
  A howler monkey (D)
  A hound (D)
  5 orc priests (D)
  A gnoll bouda (D)
  4 orc wizards (D)
  10 orcs (D)
  A bat (D)
  2 kobolds (D)
  A quokka (D)
  A rat (D)
102 creatures vanquished.

Notes
Turn   | Place    | Note
-------+----------+-------------------------------------------
     0 | D        | Heoruswealwe the Minotaur Fighter began the quest for the
                  | Orb.
     0 | D        | Reached XP level 1. HP: 19/19 MP: 0/0
     9 | D        | Reached skill level 3 in Polearms
    27 | D        | Noticed a gnoll bouda
    27 | D        | Noticed a scorpion
    27 | D        | Noticed a hound
    27 | D        | Noticed a howler monkey
    30 | D        | Killed a howler monkey
    31 | D        | Reached skill level 5 in Fighting
    31 | D        | Reached skill level 6 in Polearms
    31 | D        | Reached skill level 5 in Armour
    31 | D        | Reached XP level 2. HP: 25/29 MP: 1/1
    31 | D        | Reached XP level 3. HP: 32/36 MP: 2/2
    39 | D        | Reached skill level 7 in Polearms
    39 | D        | Reached XP level 4. HP: 35/44 MP: 3/3
    48 | D        | Killed a scorpion
    49 | D        | Reached skill level 8 in Polearms
    58 | D        | Reached skill level 9 in Polearms
    58 | D        | Reached XP level 5. HP: 22/52 MP: 4/4
    64 | D        | Found a snail-covered altar of Cheibriados.
    64 | D        | Found a shadowy altar of Dithmenos.
    64 | D        | Found a white marble altar of Elyvilon.
    64 | D        | Found a blossoming altar of Fedhas.
    64 | D        | Found an opulent altar of Gozag.
    65 | D        | Found a hazy altar of Hepliaklqana.
    66 | D        | Found a viscous altar of Jiyva.
    67 | D        | Found an ancient bone altar of Kikubaaqudgha.
    68 | D        | Found a corrupted altar of Lugonu.
    69 | D        | Found a burning altar of Makhleb.
    70 | D        | Found a sparkling altar of Nemelex Xobeh.
    71 | D        | Found an iron altar of Okawaru.
    72 | D        | Became a worshipper of Gozag Ym Sagoz the Greedy
    73 | D        | Found a stormy altar of Qazlal.
    74 | D        | Found a sacrificial altar of Ru.
    75 | D        | Found a shimmering blue altar of Sif Muna.
    76 | D        | Found a bloodstained altar of Trog.
    77 | D        | Found a hide-covered altar of Uskayaw.
    78 | D        | Found a radiant altar of Vehumet.
    79 | D        | Found an ornate altar of the Wu Jian Council.
    80 | D        | Found a shimmering altar of Xom.
    81 | D        | Found a basalt altar of Yredelemnul.
    82 | D        | Found a glowing silver altar of Zin.
    83 | D        | Found a glowing golden altar of the Shining One.
   166 | D        | Noticed an orc warrior
   166 | D        | Noticed a two-headed ogre
   166 | D        | Noticed a steam dragon
   173 | D        | Reached skill level 10 in Polearms
   179 | D        | Killed a two-headed ogre
   180 | D        | Reached skill level 10 in Fighting
   180 | D        | Reached skill level 14 in Polearms
   180 | D        | Reached skill level 10 in Armour
   180 | D        | Reached XP level 6. HP: 20/67 MP: 5/5
   180 | D        | Reached XP level 7. HP: 21/73 MP: 6/6
   187 | D        | Killed a steam dragon
   196 | D        | Reached XP level 8. HP: 36/82 MP: 0/7
   396 | D        | Noticed a cyclops
   396 | D        | Noticed a four-headed hydra
   399 | D        | Reached skill level 15 in Polearms
   403 | D        | Killed an eight-headed hydra
   404 | D        | Reached skill level 16 in Polearms
   411 | D        | Reached skill level 17 in Polearms
   411 | D        | Reached XP level 9. HP: 92/92 MP: 8/8
   412 | D        | Killed a cyclops
   673 | D        | Noticed a cane toad
   673 | D        | Noticed a rime drake
   673 | D        | Noticed a cane toad
   673 | D        | Noticed a cane toad
   675 | D        | Noticed a komodo dragon
   685 | D        | Killed a cane toad
   686 | D        | Reached skill level 18 in Polearms
   687 | D        | Killed a cane toad
   698 | D        | Killed a rime drake
   704 | D        | Reached skill level 19 in Polearms
   710 | D        | Killed a cane toad
   711 | D        | Reached XP level 10. HP: 74/104 MP: 9/9
   793 | D        | Noticed a black mamba
   793 | D        | Noticed a cane toad
   793 | D        | Noticed a cane toad
   793 | D        | Noticed an eight-headed hydra
   802 | D        | Noticed a black mamba
   803 | D        | Killed a 16-headed hydra
   804 | D        | Reached skill level 15 in Fighting
   804 | D        | Reached skill level 20 in Polearms
   804 | D        | Reached skill level 15 in Armour
   806 | D        | Killed a cane toad
   810 | D        | Killed a cane toad
   814 | D        | Killed a black mamba
   932 | D        | Killed a black mamba
   933 | D        | Reached skill level 21 in Polearms
   977 | D        | Noticed a cane toad
   995 | D        | Noticed a cane toad
  1002 | D        | Killed a cane toad
  1006 | D        | Killed a cane toad
  1007 | D        | Reached XP level 11. HP: 51/115 MP: 10/10
  1019 | D        | Reached skill level 22 in Polearms
  1222 | D        | Noticed Erolcha
  1222 | D        | Noticed Psyche
  1228 | D        | Killed Erolcha
  1241 | D        | Killed Psyche
  1580 | D        | Noticed an orc sorcerer
  1585 | D        | Noticed an orc knight
  1591 | D        | Noticed a soul eater
  1595 | D        | Paralysed by an orc sorcerer for 3 turns
  1599 | D        | Killed an orc sorcerer
  1616 | D        | Killed an orc knight
  1617 | D        | Reached skill level 23 in Polearms
  1776 | D        | Found Sauwnu's Antique Weapon Boutique.
  1776 | D        | Noticed an orc knight
  1776 | D        | Noticed an orc knight
  1776 | D        | Noticed an orc knight
  1776 | D        | Noticed an orc knight
  1776 | D        | Noticed an orc knight
  1777 | D        | Noticed an orc knight
  1784 | D        | Killed an orc knight
  1785 | D        | Noticed an orc knight
  1789 | D        | Killed an orc knight
  1790 | D        | Found Xuatzokh's Jewellery Shop.
  1794 | D        | HP: 1/117 [orc knight/+0 great mace (17)]
  1802 | D        | Killed an orc knight
  1808 | D        | Noticed an orc knight
  1810 | D        | Noticed an orc high priest
  1811 | D        | Killed an orc knight
  1818 | D        | Killed an orc knight
  1819 | D        | Reached skill level 24 in Polearms
  1819 | D        | Noticed an orc high priest
  1823 | D        | Killed an orc knight
  1826 | D        | Killed an orc knight
  1830 | D        | Killed an orc knight
  1835 | D        | Killed an orc high priest
  1841 | D        | Found Peconiotou's Magic Scroll Boutique.
  1845 | D        | Killed an orc high priest
  2150 | D        | Found Hasull's Assorted Antiques.
  2154 | D        | Noticed an orc knight
  2155 | D        | Noticed an orc knight
  2156 | D        | Noticed an orc high priest
  2163 | D        | Killed an orc knight
  2164 | D        | Reached XP level 12. HP: 75/128 MP: 11/11
  2172 | D        | Reached skill level 25 in Polearms
  2178 | D        | Killed an orc high priest
  2439 | D        | Bought a scroll of butterflies for 52 gold pieces
  2439 | D        | Bought a scroll of magic mapping for 97 gold pieces
  2439 | D        | Bought a scroll of fog for 52 gold pieces
  2439 | D        | Bought a scroll of identify for 26 gold pieces
  2462 | D        | Bought 2 potions of heal wounds for 290 gold pieces
  2462 | D        | Bought 2 scrolls of identify for 116 gold pieces
  2462 | D        | Bought a scroll of identify for 58 gold pieces
  2462 | D        | Bought a runed cloak for 217 gold pieces
  2462 | D        | Bought a scroll labelled MEOTTU QYNIASELI for 29 gold
                  | pieces
  2490 | D        | Bought a piece from Xom's chessboard (15/15) for 640 gold
                  | pieces
  2490 | D        | Bought a potion of berserk rage for 160 gold pieces
  2490 | D        | Bought a phial of floods for 1280 gold pieces
  2504 | D        | Bought an embroidered cloak for 232 gold pieces
  2504 | D        | Bought a ruby ring for 155 gold pieces
  2604 | D        | Noticed Joseph
  2617 | D        | Killed Joseph
  2707 | D        | Noticed a tengu warrior
  2713 | D        | Killed a tengu warrior
  2721 | D        | Noticed an ice dragon
  2730 | D        | Noticed a deep troll shaman
  2736 | D        | Noticed a rakshasa
  2744 | D        | Reached skill level 26 in Polearms
  2744 | D        | Noticed an ice dragon
  2750 | D        | Noticed a deep troll earth mage
  2753 | D        | Killed an ice dragon
  2760 | D        | Killed a rakshasa
  2765 | D        | Killed a deep troll shaman
  2780 | D        | Killed from afar by an ice dragon

Illustrated notes

Levels and vault maps discovered:
D:        linesprint [early_d, line_temple, items_1, d_10, items_2, lair_1,
          lair_end, items_3, orc_1, orc_end, items_4, d_15, swamp_1, shoals_1,
          snake_1, spider_1, d_20, vaults_1, items_5, swamp_end, shoals_end,
          snake_end, spider_end, vaults_end, d_27, items_6, zot_1, zot_end,
          crypt_end, forest_end, elf_end, slime_end, tomb_end, abyss_end,
          pan_hell_end]

Skill      XL: |  1  2  3  4  5  6  7  8  9 10 11 12 |
---------------+-------------------------------------+-----
Polearms       | 6 7 9 14 17 19 21 24 26 | 26.8
Fighting       | 5 6 7 10 11 12 14 16 18 20 | 20.0
Armour         | 5 6 7 10 11 12 14 16 18 20 | 20.0
Shields        | |  3.6

Action                     |  1- 3 |  4- 6 |  7- 9 | 10-12 || total
---------------------------+-------+-------+-------+-------++-------
  Melee: Trident           |    27 |    18 |       |       ||    45
         Headbutt          |     1 |     8 |    16 |    59 ||    84
         Halberd           |       |    11 |    66 |   216 ||   293
         Unarmed           |       |       |       |    11 ||    11
         Bardiche          |       |       |       |    65 ||    65
 Invoke: Call Merchant     |       |       |       |     4 ||     4
    Use: Potion            |       |     2 |     5 |    13 ||    20
         Scroll            |       |       |       |     3 ||     3
   Stab: Distracted        |       |       |       |     4 ||     4
         Sleeping          |       |       |       |     1 ||     1
 Armour: Scale mail        |    10 |     6 |    10 |       ||    26
         Chain mail        |       |       |    19 |    60 ||    79
         Plate armour      |       |       |       |    11 ||    11
         Shadow dragon sca |       |       |       |    24 ||    24
  Dodge: Dodged            |    11 |    14 |    22 |    74 ||   121
  Block: Buckler           |     6 |       |       |       ||     6
